 Dungeon Crawl Stone Soup version 0.29.0-13-gc9e81de378 (webtiles) character file.

Game seed: 5817078940022547944

848 bchevrier the Magician (level 8, -1/63 HPs)
             Began as a Gnoll Wanderer on Sept 9, 2022.
             Was an Initiate of Yredelemnul.
             Succumbed to a scorpion's poison
             ... on level 6 of the Dungeon.
             The game lasted 00:17:12 (5916 turns).

bchevrier the Magician (Gnoll Wanderer)             Turns: 5916, Time: 00:17:12

Health: -1/63      AC: 13    Str: 12    XL:     8   Next: 1%
Magic:  19/19      EV:  3    Int: 12    God:    Yredelemnul [......]
Gold:   304        SH:  0    Dex: 13    Spells: 22/22 levels left

rFire   + . .      SeeInvis .   q - +3 quarterstaff (chaos)
rCold   . . .      Faith    .   (shield currently unavailable)
rNeg    . . .      Spirit   .   r - +0 plate armour
rPois   .          Reflect  .   (no helmet)
rElec   .          Harm     .   u - +1 cloak {Stlth+}
rCorr   .          Rampage  .   (no gloves)
Will    +....                   (no boots)
Stlth   ..........              (no amulet)
HPRegen 0.20/turn               x - ring of protection from fire
MPRegen 0.16/turn               y - ring of willpower

@: mighty, lethally poisoned (-1 -> -6)
A: fangs 1, strong nose, distributed training
a: Renounce Religion, Recall Undead Harvest


You were on level 6 of the Dungeon.
You worshipped Yredelemnul.
Yredelemnul was noncommittal.
You visited 1 branch of the dungeon, and saw 6 of its levels.

You collected 304 gold pieces.

Inventory:

Hand Weapons
 a - a +1 mace of venom
 q - a +3 quarterstaff of chaos (weapon)
Missiles
 n - a datura-tipped dart (quivered)
Armour
 r - a +0 plate armour (worn)
 t - an orb of guile
 u - a +1 cloak of stealth (worn)
Jewellery
 x - a ring of protection from fire (left hand)
 y - a ring of willpower (right hand)
 z - a ring of poison resistance
Wands
 w - a wand of flame (22)
Scrolls
 c - 4 scrolls of noise
 h - a scroll of enchant weapon {unknown}
 i - a scroll of butterflies {unknown}
 k - a scroll of vulnerability {unknown}
 l - 2 scrolls of teleportation
 m - 2 scrolls of brand weapon
 o - a scroll of summoning {unknown}
 p - a scroll of blinking {unknown}
Potions
 d - a potion of might
 e - a potion of berserk rage {unknown}
 f - 2 potions of brilliance {unknown}
 j - a potion of mutation
 s - a potion of degeneration {unknown}
 v - a potion of flight {unknown}
 A - a potion of attraction {unknown}


   Skills:
 + Level 5.5 Fighting
 + Level 3.0 Short Blades
 + Level 3.0 Long Blades
 + Level 3.0 Axes
 + Level 5.5 Maces & Flails
 + Level 3.0 Polearms
 + Level 3.0 Staves
 + Level 3.0 Ranged Weapons
 + Level 3.0 Throwing
 + Level 3.0 Armour
 + Level 3.0 Dodging
 + Level 3.0 Stealth
 + Level 3.0 Shields
 + Level 3.0 Unarmed Combat
 + Level 7.8 Spellcasting
 + Level 2.4 Conjurations
 + Level 2.4 Hexes
 + Level 2.4 Summonings
 + Level 2.4 Necromancy
 + Level 2.4 Translocations
 + Level 2.4 Transmutations
 + Level 2.4 Fire Magic
 + Level 2.4 Ice Magic
 + Level 2.4 Air Magic
 + Level 2.4 Earth Magic
 + Level 2.4 Poison Magic
 + Level 4.2 Invocations
 + Level 4.0 Evocations


You had 22 spell levels left.
You didn't know any spells.
Your spell library contained the following spells:

 Spells                   Type           Power      Damage    Failure   Level
 Beastly Appendage        Tmut           20%        N/A       100%        1
 Freeze                   Ice            40%        1d6       100%        1
 Magic Dart               Conj           40%        1d5       100%        1
 Sandblast                Erth           20%        2d7       100%        1
 Passwall                 Tmut/Erth      8%         N/A       100%        2
 Wereblood                Tmut           10%        N/A       100%        2
 Dazzling Flash           Conj/Hex       20%        N/A       100%        3
 Lesser Beckoning         Tloc           10%        N/A       100%        3
 Spider Form              Tmut/Pois      10%        N/A       100%        3
 Stone Arrow              Conj/Erth      20%        3d8       100%        3
 Agony                    Necr           10%        N/A       100%        5
 Silence                  Hex/Air        5%         N/A       100%        5


Dungeon Overview and Level Annotations

Branches:
Dungeon (6/15)
 Temple: D:4-7

Altars:
Elyvilon
Gozag
Kikubaaqudgha
Vehumet
Yredelemnul
The Shining One

Shops:
D:2 :


Innate Abilities, Weirdness & Mutations

You have very sharp teeth.
Your uncanny sense of smell can sniff out nearby items.
Your experience applies equally to all skills.


Message History

Your iguana zombie bites the scorpion but does no damage.
The scorpion barely misses you.
You hit the scorpion. You burn the scorpion.
The scorpion is heavily wounded.
Your adder zombie bites the scorpion but does no damage.
The scorpion stings you but does no damage.
Your iguana zombie closely misses the scorpion.
You hit the scorpion but do no damage.
The scorpion is heavily wounded.
Your adder zombie completely misses the scorpion.
The scorpion stings you but does no damage.
Your iguana zombie closely misses the scorpion.
You closely miss the scorpion.
You bite the scorpion, but do no damage.
The scorpion is heavily wounded.
Your adder zombie closely misses the scorpion.
The scorpion stings you but does no damage.
Cornered, the ogre turns to fight!
Your adder zombie closely misses the scorpion.
The scorpion stings you but does no damage.
Your iguana zombie barely misses the scorpion.
You thump the scorpion!
The scorpion flickers and vanishes!
Deactivating autopickup; reactivate with Ctrl-A.
Your bite misses something.
Your adder zombie closely misses something.
Something stings you.
* * * LOW HITPOINT WARNING * * *
You are lethally poisoned!
Something poisons you!
You barely miss something.
* * * LOW HITPOINT WARNING * * *
You feel sick.
Your iguana zombie closely misses something.
Something stings you.
* * * LOW HITPOINT WARNING * * *
Your adder zombie barely misses something.
It was a potion of might.
You feel very mighty all of a sudden.
You die...
Your body rises from the dead as a mindless zombie.

####.####.#.#.#######...
........................
####.........##.#######
#...........##..#
#........)..###.#######
#.....<.....# #........
##...OZZ.....# ####.....
#....#.{.....######.....
.......@................
##...#.......######....[
#...#.......# #..... #..
#.......# #..... ....
.######## ###### ### ..
###


You could see an ogre, a friendly iguana zombie and a friendly adder zombie.

Vanquished Creatures
  A water moccasin (D:5)
  A black bear (D:5)
  An ice beast (D:5)
  2 necrophages
  A scorpion (D:5)
  A hound (D:4)
  Crazy Yiuf (D:3)
  Ijyb (D:4)
  An iguana (D:6)
  7 adders
  5 worms
  2 dart slugs (D:1)
  3 orcs (D:3)
  4 ball pythons
  13 endoplasms
  5 giant cockroaches
  8 goblins
  8 hobgoblins
  4 jackals
  4 quokkas
  3 bats
  3 frilled lizards
  6 kobolds
  4 rats (D:1)
89 creatures vanquished.

Vanquished Creatures (collateral kills)
  An ogre (D:5)
  An adder (D:5)
  An ufetubus (D:6)
  3 orcs (D:5)
  A bat (D:3)
  A frilled lizard (D:3)
8 creatures vanquished.

Vanquished Creatures (others)
  An orc (D:5)
  A bat zombie (D:3)
  2 endoplasm zombies
  2 kobold zombies (D:2)
  An orc zombie (D:5)
  2 plants (D:1)
9 creatures vanquished.

Grand Total: 106 creatures vanquished

Notes
Turn   | Place    | Note
-------+----------+-------------------------------------------
     0 | D:1      | bchevrier the Gnoll Wanderer began the quest for the Orb.
     0 | D:1      | bchevrier set off with the following items: a +1 mace, a
                  | scroll of fear, a +0 robe; and the following spells
                  | available to memorise: Freeze, Magic Dart, Lesser
                  | Beckoning, Stone Arrow.
     0 | D:1      | Reached XP level 1. HP: 20/20 MP: 8/8
   144 | D:1      | Reached XP level 2. HP: 20/26 MP: 10/10
   759 | D:1      | Found a faded altar of an unknown god.
   988 | D:1      | Reached XP level 3. HP: 29/31 MP: 11/11
  1286 | D:1      | Prayed at the altar of an unknown god.
  1286 | D:1      | Became a worshipper of Yredelemnul the Dark
  1286 | D:1      | Reached * piety under Yredelemnul
  1600 | D:2      | Reached skill level 1 in Short Blades
  1600 | D:2      | Reached skill level 1 in Long Blades
  1600 | D:2      | Reached skill level 1 in Axes
  1600 | D:2      | Reached skill level 1 in Polearms
  1600 | D:2      | Reached skill level 1 in Staves
  1600 | D:2      | Reached skill level 1 in Ranged Weapons
  1600 | D:2      | Reached skill level 1 in Throwing
  1600 | D:2      | Reached skill level 1 in Armour
  1600 | D:2      | Reached skill level 1 in Dodging
  1600 | D:2      | Reached skill level 1 in Stealth
  1600 | D:2      | Reached skill level 1 in Shields
  1600 | D:2      | Reached skill level 1 in Unarmed Combat
  1617 | D:2      | Reached XP level 4. HP: 37/38 MP: 13/13
  1727 | D:2      | Found Fecy's Book Boutique.
  1835 | D:2      | Reached ** piety under Yredelemnul
  2119 | D:2      | Reached skill level 1 in Conjurations
  2119 | D:2      | Reached skill level 1 in Hexes
  2119 | D:2      | Reached skill level 1 in Summonings
  2119 | D:2      | Reached skill level 1 in Necromancy
  2119 | D:2      | Reached skill level 1 in Translocations
  2119 | D:2      | Reached skill level 1 in Transmutations
  2119 | D:2      | Reached skill level 1 in Fire Magic
  2119 | D:2      | Reached skill level 1 in Ice Magic
  2119 | D:2      | Reached skill level 1 in Air Magic
  2119 | D:2      | Reached skill level 1 in Earth Magic
  2119 | D:2      | Reached skill level 1 in Poison Magic
  2499 | D:3      | Found a white marble altar of Elyvilon.
  2616 | D:3      | Reached XP level 5. HP: 40/43 MP: 14/14
  2899 | D:3      | Found an ancient bone altar of Kikubaaqudgha.
  2960 | D:3      | Found a runed translucent door.
  2961 | D:3      | Noticed Crazy Yiuf
  3263 | D:3      | HP: 2/43 [Crazy Yiuf/+3 quarterstaff of chaos (9)]
  3265 | D:3      | Killed Crazy Yiuf
  3636 | D:4      | Noticed Ijyb
  3653 | D:4      | Killed Ijyb
  3863 | D:4      | Found a glowing golden altar of the Shining One.
  3876 | D:4      | Reached XP level 6. HP: 50/50 MP: 16/16
  4047 | D:4      | Reached skill level 5 in Fighting
  4047 | D:4      | Reached skill level 5 in Maces & Flails
  4798 | D:5      | Entered Level 5 of the Dungeon
  4896 | D:5      | Noticed an ice beast
  4906 | D:5      | Killed an ice beast
  5139 | D:5      | Found an opulent altar of Gozag.
  5155 | D:5      | Noticed a water moccasin
  5162 | D:5      | Killed a water moccasin
  5163 | D:5      | Reached XP level 7. HP: 50/56 MP: 18/18
  5632 | D:5      | You fall into a shaft and drop 1 floor!
  5632 | D:6      | Found a radiant altar of Vehumet.
  5896 | D:6      | Reached XP level 8. HP: 63/63 MP: 19/19
  5915 | D:6      | HP: 1/63 [something (3)]
  5916 | D:6      | Succumbed to a scorpion's poison

Illustrated notes

Levels and vault maps discovered:
D:1:      onia_arrival_handbag, layout_loops_ring,
          shapermc_ecumenical_altar_ellora, serial_glass, glass_columns_c,
          glass_columns_b, columned_hall_lemuel, serial_bayou_ford_a
D:2:      layout_loops_ring, serial_shops, shop, item_on_display_a
D:3:      layout_rooms, mainiacjoe_overflow_six_doors_small, elyvilon_altar_3,
          guppyfry_early_orc_mine, uniq_crazy_yiuf_cottage
D:4:      layout_basic, lemuel_tele_altar, uniq_ijyb
D:5:      layout_basic, nicolae_ashenzari_skybound,
          nicolae_gozag_cash_rules_everything_around_me,
          lightli_church_of_beogh, uniq_prince_ribbit1
D:6:      layout_rooms, mainiacjoe_overflow_catwalk,
          mainiacjoe_overflow_cross_hatched

Skill      XL: |  1  2  3  4  5  6  7 |
---------------+----------------------+-----
Short Blades   | 1 2 3 |  3.0
Long Blades    | 1 2 3 |  3.0
Axes           | 1 2 3 |  3.0
Polearms       | 1 2 3 |  3.0
Staves         | 1 2 3 |  3.0
Ranged Weapons | 1 2 3 |  3.0
Throwing       | 1 2 3 |  3.0
Armour         | 1 2 3 |  3.0
Dodging        | 1 2 3 |  3.0
Stealth        | 1 2 3 |  3.0
Shields        | 1 2 3 |  3.0
Unarmed Combat | 1 2 3 |  3.0
Conjurations   | 1 2 |  2.4
Hexes          | 1 2 |  2.4
Summonings     | 1 2 |  2.4
Necromancy     | 1 2 |  2.4
Translocations | 1 2 |  2.4
Transmutations | 1 2 |  2.4
Fire Magic     | 1 2 |  2.4
Ice Magic      | 1 2 |  2.4
Air Magic      | 1 2 |  2.4
Earth Magic    | 1 2 |  2.4
Poison Magic   | 1 2 |  2.4
Invocations    | 3 4 |  4.2
Evocations     | 3 4 |  4.0
Fighting       | 5 |  5.5
Maces & Flails | 5 |  5.5
Spellcasting   | |  7.8

Action                   |  1- 3 |  4- 6 |  7- 9 || total
-------------------------+-------+-------+-------++-------
Melee: Mace              |    92 |    97 |       ||   189
       Bite              |     7 |    16 |     5 ||    28
       Quarterstaff      |       |    71 |    37 ||   108
Throw: Dart              |       |       |     5 ||     5
Invok: Recall Undead Har |     1 |       |       ||     1
Evoke: Wand              |       |       |     4 ||     4
  Use: Scroll            |     2 |     7 |     2 ||    11
       Potion            |       |       |     4 ||     4
 Stab: Distracted        |       |     1 |     1 ||     2
Armor: Robe              |     3 |       |       ||     3
       Chain mail        |    58 |    10 |       ||    68
       Plate armour      |       |   115 |    42 ||   157
Dodge: Dodged            |    26 |    26 |    10 ||    62
